 Dungeon Crawl Stone Soup version 0.28.0-62-gf88900778d (webtiles) character file.

Game seed: 4651383091947261941

47 cbfl8 the Sneak (level 3, 0/27 HPs)
             Began as a Vampire Brigand on June 24, 2023.
             Slain by an orc
             ... wielding a +0 falchion
              (2 damage)
             ... on level 2 of the Dungeon.
             The game lasted 00:02:06 (1664 turns).

cbfl8 the Sneak (Vampire Brigand)                   Turns: 1664, Time: 00:02:07

Health: 0/27       AC:  7    Str: 12    XL:     3   Next: 48%
Magic:  3/3        EV:  9    Int: 13    God:
Gold:   4          SH:  0    Dex: 15    Spells: 2/2 levels left

rFire   . . .      SeeInvis +   a - +2 dagger
rCold   . . .      Faith    .   (no shield)
rNeg    . . .      Spirit   .   r - +0 scale mail
rPois   .          Reflect  .   (no helmet)
rElec   .          Harm     .   c - +0 cloak
rCorr   .          Rampage  .   (no gloves)
Will    .....                   (no boots)
Stlth   ++........              j - amulet of magic regeneration
HPRegen 0.29/turn               (no ring)
MPRegen 0.48/turn               (no ring)

@: healing quickly
A: alive, fangs 3, see invisible, vampiric 2
a: Exsanguinate


You were on level 2 of the Dungeon.
You visited 1 branch of the dungeon, and saw 3 of its levels.

You collected 4 gold pieces.

Inventory:

Hand Weapons
 a - a +2 dagger (weapon)
Missiles
 d - 8 poisoned darts (quivered)
 e - 6 curare-tipped darts
Armour
 c - a +0 cloak (worn)
 r - a +0 scale mail (worn)
Jewellery
 j - an amulet of magic regeneration (around neck)
Scrolls
 f - a scroll of noise {unknown}
 g - a scroll of identify {unknown}
 i - a scroll of enchant weapon {unknown}
 k - a scroll of teleportation {unknown}
 m - a scroll of magic mapping {unknown}
 n - 2 scrolls of fear {unknown}
 q - a scroll of vulnerability {unknown}
Potions
 h - 2 potions of invisibility {unknown}
 l - a potion of heal wounds {unknown}
 o - a potion of curing {unknown}
 p - a potion of flight {unknown}


   Skills:
 + Level 1.7 Fighting
 + Level 2.3 Short Blades
 + Level 1.6 Throwing
 + Level 1.2 Dodging
 * Level 7.7 Stealth
 * Level 0.3 Evocations


You had 2 spell levels left.
You didn't know any spells.
Your spell library was empty.

Dungeon Overview and Level Annotations

Branches:
Dungeon (3/15)

Altars:


Innate Abilities, Weirdness & Mutations

Your natural rate of healing is accelerated.
You have razor-sharp teeth.
You have supernaturally acute eyesight. (SInv)
You are afflicted with vampirism and can become a bat while bloodless.


Message History

You climb upwards.
There is a stone staircase leading down here.
You hit the orc but do no damage. The orc closely misses you.
You hit the orc but do no damage. Your bite misses the orc.
The orc hits you with a +0 falchion.
You are too injured to fight recklessly!
You are too injured to fight recklessly!
You completely miss the orc. The orc closely misses you.
You closely miss the orc. The orc hits you but does no damage.
You hit the orc but do no damage. The orc hits you but does no damage.
You hit the orc.
The orc is moderately wounded.
The orc hits you with a +0 falchion.
You hit the orc but do no damage.
The orc is moderately wounded.
The orc hits you but does no damage.
You barely miss the orc. You bite the orc, but do no damage.
The orc is moderately wounded.
The orc hits you with a +0 falchion.
* * * LOW HITPOINT WARNING * * *
You closely miss the orc.
The orc is lightly wounded.
You hit the orc but do no damage.
The orc is lightly wounded.
The orc hits you with a +0 falchion.
* * * LOW HITPOINT WARNING * * *
You barely miss the orc.
The orc is lightly wounded.
The orc hits you with a +0 falchion.
* * * LOW HITPOINT WARNING * * *
You hit the orc but do no damage.
The orc is lightly wounded.
The orc closely misses you.
You hit the orc.
The orc is lightly wounded.
The orc barely misses you.
You closely miss the orc. You bite the orc, but do no damage.
The orc is lightly wounded.
The orc hits you with a +0 falchion.
You die...

.###.#.## #.# #..#
#.# .##.###.###.#
#..######.# ...##
##....# #..#......#
##..###.###.#
#..#.######
##.#.#.####.# #..#.#
......[..##.###..#.#
.................#.#
......##.##.###.##.#
##.##.##........@o.#
#.##...........####
#.##.#####.#####
##.##.# #.#
......#####.#
##..........#
#############


You could see an orc.

Vanquished Creatures
  An adder (D:2)
  A worm (D:2)
  A dart slug (D:2)
  2 orcs (D:3)
  A ball python (D:1)
  A bat (D:1)
  An endoplasm (D:1)
  3 goblins (D:1)
  4 hobgoblins (D:1)
  2 jackals (D:1)
  3 kobolds
  2 quokkas
  3 frilled lizards
  3 rats
28 creatures vanquished.

Notes
Turn   | Place    | Note
-------+----------+-------------------------------------------
     0 | D:1      | cbfl8 the Vampire Brigand began the quest for the Orb.
     0 | D:1      | Reached XP level 1. HP: 16/16 MP: 1/1
    70 | D:1      | Reached skill level 6 in Stealth
   192 | D:1      | Found a faded altar of an unknown god.
   202 | D:1      | Reached XP level 2. HP: 19/22 MP: 2/2
   409 | D:1      | Reached skill level 7 in Stealth
  1173 | D:2      | Gained mutation: You are afflicted with vampirism and can
                  | become a bat while bloodless. [Vampire growth]
  1173 | D:2      | Reached XP level 3. HP: 27/27 MP: 3/3
  1661 | D:2      | HP: 1/27 [orc/+0 falchion (3)]
  1664 | D:2      | Slain by an orc

Illustrated notes

Levels and vault maps discovered:
D:1:      minmay_arrival_jagged, layout_loops_corners,
          chequers_ecumenical_altar_island
D:2:      layout_loops_ring, hex_medium
D:3:      layout_basic, gammafunk_ghost_stat_death, serial_shops,
          nicolae_shop_statue_plus, minmay_guardbox, uniq_terence, uniq_robin

Skill      XL: |  1  2 |
---------------+-------+-----
Stealth        | 6 7 |  7.7
Fighting       | |  1.7
Short Blades   | |  2.3
Throwing       | |  1.6
Dodging        | |  1.2
Evocations     | |  0.3

Action                   || total
-------------------------++-------
Melee: Dagger            ||   100
       Bite              ||    12
 Stab: Sleeping          ||     9
Armor: Robe              ||    15
       Scale mail        ||     8
Dodge: Dodged            ||    41
